 Dungeon Crawl Stone Soup version 0.17-a0-2158-g6d76252 (webtiles) character file.

4919 Clownie the Covert (level 10, -1/77 HPs)
             Began as a Demonspawn Chaos Knight on Oct 25, 2015.
             Slain by a yak (11 damage)
             ... on level 8 of the Dungeon.
             The game lasted 00:21:56 (9110 turns).

Clownie the Covert (Demonspawn Chaos Knight)        Turns: 9110, Time: 00:21:56

Health: -1/77      AC: 10    Str: 16    XL:     10   Next: 27%
Magic:  10/10      EV:  1    Int: 13    God:    Xom [*.....]
Gold:   398        SH:  3    Dex: 13    Spells: 0 memorised, 9 levels left

rFire  . . .     SeeInvis .     a - +2 mace (chaos)
rCold  + . .     Clarity  .     I - +0 chain mail
rNeg   + . .     SustAt   .     d - +0 buckler
rPois  .         Gourm    .     (helmet unavailable)
rElec  .         Spirit   .     (no cloak)
rCorr  .         Warding  .     (no gloves)
rMut   .         Stasis   .     (no boots)
MR     .....                    D - amulet of rage
Stlth  +++.......               (no ring)
                                F - ring of positive energy

@: not resistant to hostile enchantments, fairly stealthy
A: claws 1, hooves 1, horns 3, molten scales 1, cold resistance 1, nightstalker
1, robust 1, spiny 1, wild magic 1, evolution 1
a: Renounce Religion, Evoke Berserk Rage


You were on level 8 of the Dungeon.
You worshipped Xom.
You were a special plaything of Xom.
You were not hungry.

You visited 1 branch of the dungeon, and saw 9 of its levels.
You also visited: Sewer.

You collected 446 gold pieces.
You spent 48 gold pieces at shops.

Inventory:

Hand Weapons
 a - a +2 mace of chaos (weapon)
Missiles
 f - 5 javelins of returning (quivered)
 u - 6 poisoned tomahawks
Armour
 b - a +2 leather armour
 d - a +0 buckler (worn)
 r - a +0 scale mail
 I - a +0 chain mail (worn)
Jewellery
 D - an amulet of rage (around neck)
 F - a ring of positive energy (left claw)
Wands
 l - a wand of slowing (0)
 w - a wand of paralysis (16)
 y - a wand of magic darts (24)
 M - a wand of confusion (27)
 N - a wand of lightning (3)
Scrolls
 e - a scroll of amnesia {unknown}
 g - 2 scrolls of blinking
 h - 9 scrolls of teleportation
 k - 2 scrolls of magic mapping
 o - 2 scrolls of enchant weapon
 p - a scroll of immolation {unknown}
 q - 4 scrolls of remove curse
 s - 2 scrolls of fear {unknown}
 x - a scroll of fog {unknown}
 B - a scroll of noise {unknown}
 C - 2 scrolls of enchant armour {unknown}
 H - 2 scrolls of identify
Potions
 i - a potion of cure mutation
 m - 3 potions of resistance
 t - a potion of curing
 v - a potion of might {unknown}
 z - 2 potions of magic
 E - a potion of ambrosia {unknown}
 K - a potion of agility {unknown}
 L - a potion of degeneration
Comestibles
 c - 6 bread rations
 j - 9 meat rations
 n - 9 slices of pizza
 A - 10 fruits
 G - a royal jelly
 J - 3 beef jerkies


   Skills:
 - Level 3.0 Fighting
 - Level 8.0 Maces & Flails
 + Level 4.8 Armour
 - Level 0.8 Dodging
 - Level 11.6 Stealth


You had 9 spell levels left.
You didn't know any spells.

Dungeon Overview and Level Annotations

Branches:
Dungeon (9/15)             Temple (0/1) D:4            Lair (0/8) D:8
    Orc: D:9-12

Altars:
Cheibriados
Dithmenos
Sif Muna
Vehumet
Xom
Yredelemnul
The Shining One

Shops:
D:4 }   D:6 (   D:8 *

Annotations:
D:5 1 runed door


Innate Abilities, Weirdness & Mutations

You have a pair of large horns on your head.
You are partially covered in molten scales (AC +1).
You are slightly more attuned to the shadows.
You are partially covered in sharp spines.
You have sharp fingernails.
You have large cloven feet.
Your flesh is cold resistant.
You are robust (+10% HP).
Your spells are a little harder to cast, but a little more powerful.
You evolve.


Message History

You climb upwards.
There is a stone staircase leading down here.
You feel better.
The water moccasin is struck by your spines.
The water moccasin bites you but does no damage.
The yak gores you but does no damage.
The water moccasin bites you but does no damage.
The yak is struck by your spines. The yak gores you.
* * * LOW HITPOINT WARNING * * *
The yak gores you.
* * * LOW HITPOINT WARNING * * *
The water moccasin is struck by your spines.
The water moccasin bites you.
* * * LOW HITPOINT WARNING * * *
There is a stone staircase leading up, spattered with blood here.
The water moccasin is struck by your spines.
You kill the water moccasin!
The yak is struck by your spines. The yak gores you!
You die...
Xom thinks this is hilarious!

###...##....#.####...##..........
......##.............'..#.......#
......###.#.#.####...####.......#
......###.#.#.###.......##.)..)##
....#####.#...###....######...###
..........#...###........})).####
...####...............######...).
...####........Y##....# ######
...####......>.†@#....#####
...####........Y.####.....#
...####.....####.# #####.#
....###.....'....# #.#######
....###.....#############.##.....
..........................##.....
...............((......##.##.....
###...........(.######.##..'.....
###.........((..# #.....#.....


You could see 2 yaks.

Vanquished Creatures
  Erolcha (D:8)
  Joseph (D:7)
  Grinder (D:5)
  2 humans (D:7)
  A yak (D:9)
  A hippogriff (shapeshifter) (D:7)
  A warg (D:8)
  An orc warrior (D:8)
  2 water moccasins
  A wasp (shapeshifter) (D:8)
  A black bear (D:8)
  2 ogres (D:5)
  3 centaurs
  2 big kobolds (D:7)
  A gnoll sergeant (D:8)
  2 giant frogs
  3 scorpions
  A killer bee (D:6)
  7 wights
  2 crimson imps
  7 orc wizards
  A centaur zombie (D:7)
  3 orc priests (D:6)
  A centaur skeleton (D:4)
  Ijyb (D:2)
  2 jellies
  Terence (D:3)
  6 worker ants
  2 iguanas (D:5)
  4 sheep (D:7)
  2 hound skeletons
  8 gnolls
  11 adders
  4 river rats
  2 oozes
  2 adder zombies (D:8)
  2 adder skeletons
  3 worms
  31 orcs
  2 ball pythons (D:2)
  5 bats
  6 giant cockroaches
  6 goblins
  4 hobgoblins
  10 jackals
  4 quokkas
  6 giant geckos
  A giant gecko skeleton (D:4)
  12 giant newts
  A jackal zombie (D:8)
  19 kobolds
  18 rats
223 creatures vanquished.

Vanquished Creatures (collateral kills)
  The ghost of Burgietje the Skirmisher, an amateur MiFi (D:4)
  A giant frog (D:8)
2 creatures vanquished.

Vanquished Creatures (others)
  A warg (D:8)
  An orc wizard (D:8)
  A giant cockroach (D:5)
3 creatures vanquished.

Grand Total: 228 creatures vanquished

Notes
Turn   | Place    | Note
--------------------------------------------------------------
     0 | D:1      | Clownie the Demonspawn Chaos Knight began the quest for the Orb.
     0 | D:1      | Reached XP level 1. HP: 18/18 MP: 1/1
   219 | D:1      | XOM: harmless Erth miscast
   274 | D:1      | Gained mutation: You are partially covered in sharp spines. [demonic ancestry]
   274 | D:1      | Reached XP level 2. HP: 20/24 MP: 2/2
   664 | D:1      | XOM: divination: detect creatures
   752 | D:1      | XOM: silly message
   816 | D:2      | XOM: 5-stop teleportation journey
   850 | D:2      | XOM: enchant monster (good)
   856 | D:2      | Gained mutation: You have a pair of small horns on your head. [demonic ancestry]
   856 | D:2      | Reached XP level 3. HP: 29/29 MP: 3/3
   859 | D:2      | Reached skill level 4 in Maces & Flails
   860 | D:2      | XOM: butterfly on damage
   898 | D:2      | XOM: harmless Pois miscast
   917 | D:1      | XOM: colour smoke trail
  1012 | D:1      | XOM: colour smoke trail
  1276 | D:2      | Found a deep blue altar of Sif Muna.
  1276 | D:2      | Found a basalt altar of Yredelemnul.
  1277 | D:2      | Found a snail-covered altar of Cheibriados.
  1342 | D:2      | Reached XP level 4. HP: 35/35 MP: 4/4
  1389 | D:2      | Found a shadowy altar of Dithmenos.
  1512 | D:2      | Noticed Ijyb
  1521 | D:2      | Killed Ijyb
  1521 | D:2      | Reached skill level 5 in Maces & Flails
  1667 | D:2      | XOM: draining
  1888 | D:2      | XOM: harmless Trmt miscast
  2115 | D:3      | Gained mutation: You have a pair of horns on your head. [demonic ancestry]
  2115 | D:3      | Reached XP level 5. HP: 41/41 MP: 5/5
  2119 | D:3      | Noticed Terence
  2125 | D:3      | Killed Terence
  2316 | D:3      | XOM: enchant monster (good)
  2461 | D:3      | XOM: harmless Pois miscast
  2578 | D:3      | XOM: silly message
  2636 | D:3      | XOM: noise
  2824 | D:4      | Reached skill level 6 in Maces & Flails
  2828 | D:4      | Gained mutation: You have sharp fingernails. [potion of mutation]
  2828 | D:4      | Gained mutation: You have a pair of large horns on your head. [potion of mutation]
  2831 | D:4      | Gained mutation: You are robust (+10% HP). [potion of mutation]
  2831 | D:4      | Gained mutation: You evolve. [potion of mutation]
  2831 | D:4      | Gained mutation: Your muscles are strong. (Str +2) [potion of mutation]
  2875 | D:4      | XOM: god gift: scroll labeled WEL SAC UPPEPS
  3060 | D:4      | Mutation became permanent: You have a pair of large horns on your head. [demonic ancestry]
  3060 | D:4      | Reached XP level 6. HP: 46/51 MP: 6/6
  3145 | D:4      | Noticed Burgietje's ghost (amateur MiFi)
  3202 | D:4      | Found a staircase to the Ecumenical Temple.
  3271 | D:4      | XOM: summons friendly iron imp
  3281 | D:4      | Killed Burgietje's ghost
  3281 | D:4      | Reached skill level 7 in Maces & Flails
  3343 | D:4      | Found Duopucerr's Gadget Boutique.
  3825 | D:4      | XOM: cast spell 'Stoneskin'
  3830 | D:4      | Gained mutation: You are slightly more attuned to the shadows. [demonic ancestry]
  3830 | D:4      | Reached XP level 7. HP: 44/57 MP: 7/7
  4030 | D:5      | Entered Level 5 of the Dungeon
  4112 | D:5      | Found a glowing golden altar of the Shining One.
  4112 | D:5      | Noticed an angel
  4113 | D:5      | Found a runed door.
  4184 | D:5      | Found a glowing drain.
  4186 | D:5      | XOM: noise
  4204 | Sewer    | Entered a sewer
  4246 | Sewer    | Reached skill level 8 in Maces & Flails
  4442 | Sewer    | Reached skill level 1 in Stealth
  4578 | D:5      | Found a radiant altar of Vehumet.
  4590 | D:5      | XOM: medium Ice miscast
  4637 | D:5      | XOM: colour smoke trail
  4728 | D:5      | XOM: harmless Fire miscast
  4759 | D:5      | XOM: confusion
  4767 | D:5      | XOM: cast spell 'Statue Form'
  4779 | D:5      | Gained mutation: You have large cloven feet. [evolution]
  4786 | D:5      | XOM: mild Trmt miscast
  4891 | D:5      | Noticed Grinder
  4898 | D:5      | XOM: confuse monster(s)
  4901 | D:5      | XOM: summons 7 friendly demons
  4914 | D:5      | Killed Grinder
  4914 | D:5      | Gained mutation: You are partially covered in molten scales (AC +1). [demonic ancestry]
  4914 | D:5      | Reached XP level 8. HP: 36/63 MP: 8/8
  4924 | D:5      | Gained mutation: Your spells are a little harder to cast, but a little more powerful. [potion of beneficial mutation]
  4925 | D:5      | Gained mutation: Your flesh is cold resistant. [potion of beneficial mutation]
  5079 | D:6      | Reached skill level 5 in Stealth
  5235 | D:6      | Found Nidduac's Antique Weapon Shop.
  5276 | D:6      | XOM: confuse monster(s)
  6113 | D:7      | Found a runed door.
  6117 | D:7      | Found a basalt altar of Yredelemnul.
  6250 | D:7      | XOM: mild Chrm miscast
  6264 | D:7      | Reached XP level 9. HP: 69/69 MP: 9/9
  6273 | D:7      | XOM: summons friendly iron imp
  6290 | D:7      | XOM: harmless Summ miscast
  6321 | D:7      | Reached skill level 9 in Stealth
  6326 | D:7      | XOM: colour smoke trail
  6423 | D:7      | XOM: divination: detect items
  6431 | D:7      | Lost mutation: Your muscles are strong. (Str +2) [evolution]
  6441 | D:7      | XOM: god gift: white potion
  6723 | D:7      | XOM: cast spell 'Summon Butterflies'
  6894 | D:7      | Found a shimmering altar of Xom.
  6938 | D:7      | Noticed Joseph
  6959 | D:7      | Killed Joseph
  6959 | D:7      | Reached skill level 10 in Stealth
  7471 | D:8      | XOM: silly message
  7487 | D:8      | Found a staircase to the Lair.
  7495 | D:8      | XOM: summons friendly shadow imp
  7502 | D:8      | XOM: god gift: box of beasts
  7519 | D:8      | Reached skill level 11 in Stealth
  7522 | D:8      | XOM: divine lightning (protected)
  7803 | D:8      | XOM: divination: detect items
  7933 | D:8      | XOM: summons 2 friendly demons
  7977 | D:8      | XOM: medium Ice miscast
  8296 | D:8      | XOM: 2-stop teleportation journey
  8328 | D:8      | Reached XP level 10. HP: 74/77 MP: 10/10
  8359 | D:8      | Noticed Erolcha
  8373 | D:8      | Killed Erolcha
  8465 | D:8      | XOM: 3-stop teleportation journey
  8730 | D:8      | XOM: vitrification
  8771 | D:8      | Found Iliutt's Assorted Antiques.
  8778 | D:8      | Bought a scroll of identify for 48 gold pieces
  9036 | D:8      | XOM: god gift: 7 meat rations
  9082 | D:9      | Found a glowing golden altar of the Shining One.
  9088 | D:9      | XOM: summons friendly quasit
  9089 | D:9      | XOM: confusion
  9110 | D:8      | Slain by a yak

Vault maps used:
D:1:      nagdon_arrival_zigzag_paths, minmay_cut_off
D:2:      nicolae_overflow_quartered_altars, uniq_iyjb
D:3:      uniq_terence
D:4:      temple_fountains, first_bread, serial_shops, shop,
          kennysheep_generic_room_3
D:5:      vehumet_altar_wand_db, portal_sewer_entry_b, columned_hall_lemuel,
          lemuel_angel_altar, uniq_grinder
D:6:      serial_shops, shop, lemuel_flame_loot_1
D:7:      old_standard_altar, grunt_ministairs_9, grunt_livestock,
          dk_noncrumbling_3, dk_yredelemnul_ordeal, uniq_joseph
D:8:      erik_lair_orcish_takeover, serial_shops, shop, uniq_erolcha
D:9:      okawaru_altar_gauntlet_db, tso_metal_star
Sewer:    sewer_co_cracked_pipes

Action                   |  1- 3 |  4- 6 |  7- 9 | 10-12 || total
-------------------------+-------+-------+-------+-------++-------
Melee: Mace              |    56 |    93 |   303 |    28 ||   480
 Abil: Evoke Berserk Rag |       |       |       |     1 ||     1
  Use: Potion            |       |     5 |    10 |     2 ||    17
       Scroll            |       |     5 |     6 |       ||    11
 Stab: Sleeping          |     1 |       |     1 |     1 ||     3
       Confused          |     1 |       |     1 |       ||     2
       Paralysed         |       |     3 |     5 |     2 ||    10
  Eat: Chunk             |     1 |     3 |    14 |     2 ||    20
       Bread ration      |       |     1 |       |       ||     1
       Pizza             |       |       |     1 |       ||     1
       Fruit             |       |       |       |     1 ||     1
